 Dungeon Crawl Stone Soup version 0.26-a0-812-g31a745ddcd (webtiles) character file.

Game seed: 4616769289002790403

1185 hyperquik the Charlatan (level 8, -3/61 HPs)
             Began as a Mummy Artificer on Dec 6, 2020.
             Was an Initiate of Gozag.
             Slain by an iguana (6 damage)
             ... on level 5 of the Dungeon.
             The game lasted 00:23:40 (7219 turns).

hyperquik the Charlatan (Mummy Artificer)           Turns: 7219, Time: 00:23:41

Health: -3/61      AC: 11    Str: 17    XL:     8   Next: 19%
Magic:  8/8        EV:  5    Int: 10    God:    Gozag
Gold:   263        SH:  8    Dex: 13    Spells: 7/7 levels left

rFire    x . .     SeeInvis +   a - +0 hand axe
rCold    + . .     Faith    .   l - +0 kite shield
rNeg     + + +     Spirit   .   g - +1 chain mail {MR+} {MR+}
rPois    ∞         Reflect  .   (no helmet)
rElec    .         Harm     .   k - +0 cloak
rCorr    .         Rampage  .   (no gloves)
MR       ++...                  (no boots)
Stlth    ..........             (no amulet)
HPRegen  0.20/turn              S - ring of see invisible
MPRegen  0.11/turn              (no ring)

@: studying Throwing
A: no potions, fire vulnerability, cold resistance 1, negative energy resistance
3, torment resistance, unbreathing
a: Potion Petition, Call Merchant, Bribe Branch, Renounce Religion


You were on level 5 of the Dungeon.
You worshipped Gozag.
Gozag was aware of your devotion.
You visited 2 branches of the dungeon, and saw 6 of its levels.

You collected 379 gold pieces.
You paid 116 gold pieces to Gozag.

Inventory:

Hand Weapons
 a - a +0 hand axe (weapon)
 o - a +0 broad axe
Missiles
 e - 11 poisoned darts
 h - 79 arrows
 m - 24 sling bullets
 Q - 46 stones (quivered)
Armour
 g - a +1 chain mail of magic resistance (worn) {MR+}
 k - a +0 cloak (worn)
 l - a +0 kite shield (worn)
Jewellery
 q - an uncursed amulet of faith {Faith, !P}
 S - a ring of see invisible (left hand)
Wands
 c - a wand of flame (5)
 d - a wand of enslavement (21)
 n - a wand of random effects (6)
 D - a wand of digging (4)
Scrolls
 b - a scroll of enchant armour
 f - a scroll of fog
 j - a scroll of magic mapping {!r}
 t - a scroll of teleportation
 w - 2 scrolls of remove curse
Books
 p - a manual of Throwing {!d}


   Skills:
 + Level 4.5 Fighting
 * Level 2.5 Axes
 - Level 3.0 Armour
 + Level 2.9 Dodging
 - Level 1.0 Stealth
 + Level 2.6 Shields
 - Level 5.0 Evocations


You had 7 spell levels left.
You didn't know any spells.
Your spell library contained the following spells:

 Spells                   Type           Power        Failure   Level
 Shock                    Conj/Air       #...         100%        1
 Swiftness                Air            #.......     100%        2
 Static Discharge         Conj/Air       #.......     100%        3
 Airstrike                Air            #.........   100%        4
 Lightning Bolt           Conj/Air       #.........   100%        5


Dungeon Overview and Level Annotations

Branches:
Dungeon (5/15)             Temple (1/1) D:4

Altars:
Ashenzari
Cheibriados
Dithmenos
Elyvilon
Gozag
Hepliaklqana
Kikubaaqudgha
Makhleb
Nemelex Xobeh
Okawaru
Qazlal
Ru
Sif Muna
Trog
Uskayaw
Vehumet
Wu Jian
Xom
Yredelemnul
Zin
The Shining One

Shops:
D:4 =


Innate Abilities, Weirdness & Mutations

You do not drink.
Your flesh is vulnerable to fire.
You are immune to poison.
Your flesh is cold resistant. (rC+)
You are immune to negative energy. (rN+++)
You are immune to unholy pain and torment.
You can survive without breathing.


Message History

* * * LOW HITPOINT WARNING * * *
You take 4 damage, and have 12/61 hp.
You hit the iguana but do no damage. You block the iguana's attack.
The iguana bites you.
* * * LOW HITPOINT WARNING * * *
You take 3 damage, and have 9/61 hp.
You hit the iguana but do no damage. The iguana bites you!
* * * LOW HITPOINT WARNING * * *
You take 7 damage, and have 2/61 hp.
Okay, then.
Unknown command.
You hit the iguana but do no damage. The iguana barely misses you.
You hit the iguana but do no damage. You block the iguana's attack.
The iguana completely misses you.
You hit the iguana.
The iguana bites you but does no damage.
Your shield prevents you from hitting the iguana.
The iguana bites you.
You die...
Your body crumbles into a pile of gold.

######## ### ###
...F...# #.. ..#
######.# ##### #.#
#.# .# ...# #.# #.#
#### .# ####
#.####.####.# ...# ..
..... #...........#
##.# ..
#.((.###.####.###..#
..#
#..l@..###.......#
..#
#.#.#####.....#.#####
#. ##...##...... ..
##.######### # ###
#.# ## #.# . #'# # #
.. # .# #


You could see an iguana.

Levels and vault maps discovered:
D:1:      dpeg_chamrin_arrival_tetris, layout_loops_ring, minmay_unequal
D:2:      layout_basic
D:3:      layout_basic
D:4:      layout_rooms, minmay_temple_entry_from_below_b, serial_shops,
          nicolae_shop_trees, bh_walls_and_bars
D:5:      layout_loops_corners, minmay_manual_mess, uniq_prince_ribbit1
Temple:   kilobyte_greek_temple

Notes
Turn   | Place    | Note
-------+----------+-------------------------------------------
     0 | D:1      | hyperquik the Mummy Artificer began the quest for the Orb.
     0 | D:1      | Reached XP level 1. HP: 15/15 MP: 1/1
    30 | D:1      | Identified a +0 club
    35 | D:1      | Reached skill level 1 in Stealth
    52 | D:1      | Identified a +0 plate armour (You found it on level 1 of
                  | the Dungeon)
   302 | D:1      | Identified a +0 club
   303 | D:1      | Identified a +0 club
   309 | D:1      | Reached XP level 2. HP: 21/21 MP: 2/2
   310 | D:1      | Identified a +0 dagger
   346 | D:1      | Reached skill level 3 in Evocations
   546 | D:1      | Identified a cursed -1 club
   582 | D:1      | Identified a +0 kite shield
   733 | D:1      | Identified a +0 club
  1118 | D:2      | Identified 2 scrolls of identify
  1118 | D:2      | Identified a scroll of random uselessness
  1120 | D:2      | Identified a scroll of fear
  1240 | D:2      | Identified a scroll of remove curse
  1578 | D:2      | Reached XP level 3. HP: 14/26 MP: 3/3
  1740 | D:2      | Identified 2 scrolls of teleportation
  1794 | D:2      | Identified a +0 dagger
  1810 | D:2      | Identified a +0 giant club
  1810 | D:2      | Noticed an ogre
  1834 | D:2      | HP: 2/26 [ogre/+0 giant club (24)]
  2543 | D:2      | Identified a +0 cloak (You found it on level 2 of the
                  | Dungeon)
  2675 | D:2      | Identified a +0 club
  2824 | D:2      | Killed an ogre
  2824 | D:2      | Reached skill level 4 in Evocations
  2824 | D:2      | Reached XP level 4. HP: 32/32 MP: 4/4
  2897 | D:3      | Identified a +0 club
  2957 | D:3      | Identified a scroll of magic mapping
  3007 | D:3      | Identified a +1 chain mail of magic resistance (You found
                  | it on level 3 of the Dungeon)
  3144 | D:3      | Identified a scroll of enchant armour
  3218 | D:3      | Identified a +0 club
  3368 | D:3      | Identified a +0 club
  3586 | D:4      | Identified a +0 club
  3725 | D:4      | Reached XP level 5. HP: 37/37 MP: 5/5
  3760 | D:4      | Noticed a water moccasin
  3765 | D:4      | Killed a water moccasin
  3765 | D:4      | Reached skill level 5 in Evocations
  3765 | D:4      | Reached skill level 1 in Dodging
  3930 | D:4      | Found Vijesosk's Jewellery Boutique.
  3934 | D:4      | meem: I'm meem, an infobot run by MalcolmRoseGaming: Type
                  | !submeem to keep me in your games; !nomeem to shut me up
                  | forever; !meem for help; !whymeem if you want to know why
                  | meem exists. Visit http://youtube.com/malcolmrosegaming for
                  | more DCSS content.
  3979 | D:4      | Reached skill level 2 in Fighting
  3979 | D:4      | Reached XP level 6. HP: 21/44 MP: 6/6
  4192 | D:4      | Reached skill level 2 in Armour
  4408 | D:4      | Noticed an ice beast
  4422 | D:3      | Reached skill level 1 in Shields
  4627 | D:4      | Identified a +0 giant club
  4632 | D:4      | Found a staircase to the Ecumenical Temple.
  4632 | D:4      | Identified a +0 trident
  4785 | D:4      | Killed an ice beast
  4785 | D:4      | Reached skill level 3 in Fighting
  4785 | D:4      | Reached XP level 7. HP: 52/52 MP: 7/7
  4824 | D:4      | Identified a ring of see invisible (You found it on level 4
                  | of the Dungeon)
  5019 | D:4      | Identified a +0 rapier (You found it on level 4 of the
                  | Dungeon)
  5060 | D:5      | Entered Level 5 of the Dungeon
  5084 | D:5      | Reached skill level 2 in Dodging
  5154 | D:5      | Identified a +0 shortbow
  5329 | D:5      | Reached skill level 2 in Shields
  5366 | D:4      | Identified a +0 hand axe (You found it on level 4 of the
                  | Dungeon)
  5402 | D:5      | Noticed Prince Ribbit
  5411 | D:5      | Identified a +0 giant club
  5927 | D:5      | Identified a cursed -2 halberd
  6005 | D:5      | Identified an uncursed amulet of faith (You found it on
                  | level 5 of the Dungeon)
  6062 | D:5      | Reached skill level 4 in Fighting
  6062 | D:5      | Reached skill level 1 in Axes
  6122 | D:5      | HP: 9/54 [bullfrog (6)]
  6233 | D:5      | Identified a +0 club
  6261 | D:5      | Identified a +0 leather armour
  6261 | D:5      | Identified a +0 mace
  6388 | D:5      | Identified a +0 spear
  6434 | D:5      | Reached skill level 3 in Armour
  6839 | D:5      | Killed Prince Ribbit
  6839 | D:5      | Reached skill level 2 in Axes
  6839 | D:5      | Reached XP level 8. HP: 61/61 MP: 8/8
  7007 | D:4      | Identified a scroll of fog
  7009 | Temple   | Entered the Ecumenical Temple
  7010 | Temple   | hyperquik: !whichgod muar
  7010 | Temple   | beem: 6 recent wins for muar: 2x Gozag, 2x Ru,
                  | Kikubaaqudgha, Okawaru
  7099 | Temple   | hyperquik: !whichgod mufi
  7099 | Temple   | beem: 61 recent wins for mufi: 39x Gozag, 9x Okawaru, 4x
                  | Makhleb, 2x Ru, Ashenzari, Cheibriados, Fedhas,
                  | Hepliaklqana, Qazlal, Sif Muna, Yredelemnul
  7101 | Temple   | Became a worshipper of Gozag Ym Sagoz the Greedy
  7209 | D:5      | HP: 15/61 [iguana (2)]
  7214 | D:5      | HP: 9/61 [iguana (4)]
  7215 | D:5      | HP: 2/61 [iguana (7)]
  7219 | D:5      | Slain by an iguana

Table legend: (Time is in decaauts)
 A = Elapsed time spent in this place.
 B = Non-inter-level travel time spent in this place.
 C = Inter-level travel time spent in this place.
 D = Time resting spent in this place.
 E = Time spent auto-exploring this place.
 F = Levels seen in this place.
 G = Mean time per level.
                   A        B        C        D        E       F      G
               +--------+--------+--------+--------+--------+-----+--------+
         Total |   7324 |   6797 |    527 |   2291 |   2662 |   6 | 1220.7 |
       Dungeon |   7193 |   6705 |    488 |   2291 |   2576 |   5 | 1438.6 |
        Temple |    130 |     91 |     39 |      0 |     86 |   1 |  130.0 |
               +--------+--------+--------+--------+--------+-----+--------+

Top non-repeatable levels by time:
     D:5: 1813 daAuts
     D:4: 1652 daAuts
     D:2: 1456 daAuts
     D:1: 1445 daAuts
     D:3: 826 daAuts
  Temple: 130 daAuts

Table legend:
 A = Kills in this place as a percentage of kills in entire the game.
 B = Kills by you in this place as a percentage of kills by you in the entire game.
 C = Kills by friends in this place as a percentage of kills by friends in the entire game.
 D = Other kills in this place as a percentage of other kills in the entire game.
 E = Experience gained in this place as a percentage of experience gained in the entire game.
 F = Experience gained in this place divided by the number of levels of this place that you have seen.
                   A       B       C       D       E      F
               +-------+-------+-------+-------+-------+----------------------
         Total | 100.0 | 100.0 |   N/A |   N/A | 100.0 | 282.3
       Dungeon | 100.0 | 100.0 |   N/A |   N/A | 100.0 | 338.8
               +-------+-------+-------+-------+-------+----------------------

Skill      XL: |  1  2  3  4  5  6  7 |
---------------+----------------------+-----
Stealth        | 1 |  1.0
Evocations     | 3 4 5 |  5.0
Dodging        | 1 2 |  2.9
Fighting       | 2 3 4 |  4.5
Armour         | 2 3 |  3.0
Shields        | 1 2 |  2.6
Axes           | 2 |  2.5

Action                   |  1- 3 |  4- 6 |  7- 9 || total
-------------------------+-------+-------+-------++-------
Melee: Club              |    35 |       |       ||    35
       Dagger            |    89 |   138 |    30 ||   257
       Hand axe          |       |       |   139 ||   139
Throw: Stone             |    15 |    49 |     9 ||    73
       Dart              |    13 |    18 |    25 ||    56
Evoke: Wand              |       |    10 |    12 ||    22
  Use: Scroll            |     4 |     2 |     5 ||    11
 Stab: Sleeping          |     1 |       |       ||     1
Armor: Plate armour      |    87 |     5 |       ||    92
       Chain mail        |       |    67 |   122 ||   189
Dodge: Dodged            |    12 |    15 |    47 ||    74
Block: Kite shield       |    22 |    40 |    87 ||   149

Vanquished Creatures
  Prince Ribbit (D:5)
  A water moccasin (D:4)
  An ice beast (D:4)
  3 ogres
  A centaur (D:5)
  A bullfrog (D:5)
  A water moccasin skeleton (D:5)
  A scorpion (D:5)
  A howler monkey (D:3)
  A hound (D:5)
  A centaur skeleton (D:5)
  An iguana (D:4)
  3 worker ants
  An adder (D:4)
  4 gnolls (D:5)
  A white imp (D:5)
  An ufetubus (D:5)
  An ooze (D:2)
  A worm (D:2)
  3 leopard geckos
  5 orcs
  A ball python (D:4)
  5 giant cockroaches
  7 hobgoblins
  3 kobolds (D:1)
  A quokka (D:2)
  3 bats
  5 frilled lizards
  5 goblins
  2 quokka skeletons (D:4)
  4 rats
70 creatures vanquished.
